 Dungeon Crawl Stone Soup version 0.21.1-1-g345015f (webtiles) character file.

82 Fang the Skirmisher (level 4, -4/29 HPs)
             Began as a Gargoyle Berserker on June 13, 2018.
             Was a Believer of Trog.
             Shot with a sling bullet by a goblin (7 damage)
             ... on level 2 of the Dungeon.
             The game lasted 00:01:10 (1546 turns).

Fang the Skirmisher (Gargoyle Berserker)            Turns: 1546, Time: 00:01:11

Health: -4/29      AC:  5    Str: 22    XL:     4   Next: 43%
Magic:  4/4        EV: 12    Int:  7    God:    Trog [**....]
Gold:   52         SH:  0    Dex:  9    Spells: 3/3 levels left

rFire    . . .     SeeInvis .   a - +0 hand axe
rCold    . . .     Gourm    .   (no shield)
rNeg     + . .     Faith    .   b - +0 animal skin
rPois    ∞         Spirit   .   (no helmet)
rElec    +         Reflect  .   (no cloak)
rCorr    .         Harm     .   (no gloves)
MR       .....                  (no boots)
Stlth    +.........             (no amulet)
HPRegen  0.09/turn              (no ring)
MPRegen  0.09/turn              (no ring)

@: berserk cooldown, slowed, very slow
A: negative energy resistance 1, electricity resistance, unbreathing,
petrification resistance, rot immunity, AC +3
a: Berserk, Trog's Hand, Burn Spellbooks, Renounce Religion


You were on level 2 of the Dungeon.
You worshipped Trog.
Trog was pleased with you.
You were not hungry.

You visited 1 branch of the dungeon, and saw 2 of its levels.

You collected 52 gold pieces.

Inventory:

Hand Weapons
 a - a +0 hand axe (weapon)
Armour
 b - a +0 animal skin (worn)
Jewellery
 d - a cursed ring of teleportation {unknown}
Scrolls
 f - a scroll of magic mapping {unknown}
 g - 3 scrolls of identify {unknown}
 j - a scroll of fear {unknown}
Potions
 e - a potion of lignification {unknown}
 h - a potion of heal wounds {unknown}
Books
 i - a book of Minor Magic

   Spells                             Type                      Level
   a - Magic Dart                     Conjuration                  1
   b - Blink                          Translocation                2
   c - Call Imp                       Summoning                    2
   d - Slow                           Hexes                        2
   e - Conjure Flame                  Conjuration/Fire             3
   f - Mephitic Cloud                 Conjuration/Poison/Air       3
   Trog disapproves of the use of such an item.
Comestibles
 c - 6 rations
 k - a chunk of flesh


   Skills:
 + Level 4.1 Fighting
 + Level 3.6 Axes
 + Level 2.3 Armour
 + Level 2.1 Dodging
 + Level 0.7 Stealth


You had 3 spell levels left.
You didn't know any spells.

Dungeon Overview and Level Annotations

Branches:
Dungeon (2/15)

Altars:
Ashenzari
Xom


Innate Abilities, Weirdness & Mutations

You are resistant to torment.
Your stone body is resilient. (AC +3)
You are immune to poison.
You resist negative energy. (rN+)
You are resistant to electric shocks. (rElec)
You can survive without breathing.
You are immune to petrification.
You are immune to rotting.


Message History

You butcher the gnoll corpse.
The goblin shoots a sling bullet.
The sling bullet hits you but does no damage.
Things that are here:
a sling bullet; a flail of holy wrath; 3 chunks of flesh Eat one of 2 chunks of flesh? (ye/n/q)
You eat one of the 2 chunks of flesh.
This raw flesh tastes terrible.
The goblin shoots a sling bullet.
The sling bullet hits you.
* * * LOW HITPOINT WARNING * * *
The goblin shoots a sling bullet.
The sling bullet barely misses you.
You see here a sling bullet.
The goblin shoots a sling bullet.
The sling bullet hits you but does no damage.
You see here a sling bullet.
The goblin shoots a sling bullet.
The sling bullet closely misses you.
The goblin shoots a sling bullet.
The sling bullet misses you.
You see here 2 sling bullets.
The goblin shoots a sling bullet.
The sling bullet barely misses you.
You see here a sling bullet.
The goblin shoots a sling bullet.
The sling bullet hits you!
You die...

#### .....# #####
###^###..## #...#
##...^.##..# #...#
##.≈≈_#§≈##.. #...#
####.._≈..≈.#..
#...########..≈#≈._≈§≈....
#...(((.(@...#.≈.......#..
#..g(##########..♣.≈§.##..
#.().....# ##.._..##...
##.#####.# ###.####...
#... #.####... #....#
#........ #......
####..... #.#..... #.....
#.#..... ###...


You could see a goblin.

Vanquished Creatures
  3 gnolls (D:2)
  An adder (D:2)
  2 worms (D:2)
  2 leopard geckos (D:1)
  A ball python (D:2)
  3 bats
  3 goblins (D:1)
  5 hobgoblins
  7 jackals (D:1)
  A quokka (D:2)
  2 frilled lizards
  4 kobolds (D:1)
  3 rats
37 creatures vanquished.

Notes
Turn   | Place    | Note
-------+----------+-------------------------------------------
     0 | D:1      | Fang the Gargoyle Berserker began the quest for the Orb.
     0 | D:1      | Reached XP level 1. HP: 14/14 MP: 1/1
    29 | D:1      | Reached XP level 2. HP: 15/19 MP: 2/2
   553 | D:1      | Reached XP level 3. HP: 24/24 MP: 3/3
   828 | D:2      | Reached ** piety under Trog
  1320 | D:2      | Found a shattered altar of Ashenzari.
  1341 | D:2      | Reached skill level 4 in Fighting
  1470 | D:2      | Found a shimmering altar of Xom.
  1491 | D:2      | Found a shimmering altar of Xom.
  1491 | D:2      | Found a shimmering altar of Xom.
  1491 | D:2      | Found a shimmering altar of Xom.
  1523 | D:2      | Reached XP level 4. HP: 15/29 MP: 4/4
  1546 | D:2      | Shot with a sling bullet by a goblin

Skill      XL: |  1  2  3 |
---------------+----------+-----
Axes           | 3 |  3.6
Fighting       | 4 |  4.1
Dodging        | 2 |  2.1
Armour         | |  2.3
Stealth        | |  0.7

Action                   |  1- 3 |  4- 6 || total
-------------------------+-------+-------++-------
Melee: Hand axe          |   119 |     4 ||   123
Invok: Berserk           |     1 |     1 ||     2
  Eat: Chunk             |     3 |     1 ||     4
Armor: Animal skin       |    43 |     4 ||    47
Dodge: Dodged            |    80 |     6 ||    86
